AoeStats
← 旺旺

African Clearing

510764689Analyzed
2v2 RM · 23h ago on Oct 2, 2026· 22m 34s· 4 players
Game mode
Random Map
Map size
Medium (4 player)
Population
200
Speed
Normal
Resources
Standard
Victory
Conquest
Starting age
Dark Age
Ending age
Imperial Age
RankedLock teamsTeams togetherTeam positionsShared explorationLock speedFull tech treeHidden civsTurbo modeCheats
Victory
Defeat
🇨🇳 Varangians · China
891
+16
🇨🇳 Saxons · China
888
+16
🇭🇰 Persians · Hong Kong SAR China
908
-17
🇫🇷 Franks · France
860
-15
Saramenec
12:25 Feudal Age
13:29 Double-Bit Axe
18:12 Wheelbarrow
23:30 Castle Age
旺旺
13:04 Feudal Age
13:40 Double-Bit Axe
20:12 Castle Age
18:09 Stone Mining
18:08 Horse Collar
18:47 Gold Mining
21:10 Bow Saw
21:05 Heavy Plow
Sting839
3:34 Loom
14:55 Feudal Age
19:56 Castle Age
18:46 Double-Bit Axe
18:44 Horse Collar
21:14 Pikeman
21:55 Squires
22:32 Forging
Lazy_Mann
8:32 Loom
16:22 Feudal Age
17:49 Man-at-Arms
18:33 Stone Mining
20:45 Castle Age
21:55 Arson
22:22 Fletching
Connection lost

Rejoining the realm…

Still unreachable

The connection could not be restored.

Session expired

The server has moved on; the page needs a fresh start.